[Event "Titled Tuesday Blitz January 10 Late 2023"]
[White "Souleidis, Georgios"]
[Black "Andrews, Todd"]
[WhiteFideId "4206827"]
[BlackFideId "2012456"]
[WhiteElo "2419"]
[BlackElo "2220"]
[Result "1-0"]
[Round "08"]
[TimeControl "180+2"]
[Date "2023.01.10"]
[WhiteClock "0:00:06"]
[BlackClock "0:00:04"]

1. e4 e6 2. d4 d5 3. Nc3 Bb4 4. exd5 exd5 5. Bd3 Nc6 6. Nf3 Nge7 7. O-O Bg4 8. a3 Bxc3 9. bxc3 Qd7 10. h3 Bf5 11. Re1 O-O 12. Rb1 b6 13. Bf4 Ng6 14. Bxf5 Qxf5 15. Bxc7 Rac8 16. Bg3 Na5 17. Bd6 Rfd8 18. Bb4 Nc4 19. Nd2 Nd6 20. Nf1 Ne4 21. f3 Nxc3 22. Bxc3 Rxc3 23. Ne3 Qg5 24. Qd2 Rxa3 25. Ra1 Nh4 26. Qf2 Rxa1 27. Rxa1 a5 28. Rb1 Re8 29. f4 Qd8 30. f5 h5 31. c3 a4 32. f6 Qxf6 33. Qxf6 gxf6 34. Nxd5 Re2 35. Nxf6+ Kf8 36. Rxb6 a3 37. Ra6 a2 38. Ra8+ Kg7 39. Nxh5+ Kh6 40. Nf4 Rb2 41. Kh2 Kg5 42. Kg3 Nf5+ 43. Kf3 Nh4+ 44. Ke4 f5+ 45. Ke3 Kf6 46. Ra6+ Ke7 47. d5 Kd7 48. c4 Nxg2+ 49. Nxg2 Rxg2 50. c5 Rh2 51. Kf4 Rf2+ 52. Ke5 Re2+ 53. Kxf5 Rc2 54. Ra7+ Kd8 55. c6 Re2 56. d6 Rf2+ 57. Ke6 Re2+ 58. Kd5 Rd2+ 59. Kc5 Rc2+ 60. Kd5 Rd2+ 61. Ke6 Re2+ 62. Kf5 Rf2+ 63. Kg4 Ke8 64. Ra8+ Kf7 65. c7 Rc2 66. h4 Rc4+ 67. Kg3 Ke6 68. Rxa2 Kxd6 69. Ra7 Kd7 70. h5 Rd4 71. Kh3 Rc4 72. h6 Rc6 73. c8=Q+ Kxc8 74. h7 Rh6+ 75. Kg4 Kb8 76. Rg7 1-0


[Site "https://www.chess.com"]

[Event "Titled Tuesday Blitz January 10 Late 2023"]
[White "Goncalves, Davi Sulzbacher"]
[Black "Jakubowski, Krzysztof"]
[WhiteFideId "2154510"]
[BlackFideId "1112848"]
[WhiteElo "2282"]
[BlackElo "2486"]
[Result "1-0"]
[Round "08"]
[TimeControl "180+2"]
[Date "2023.01.10"]
[WhiteClock "0:00:36"]
[BlackClock "0:00:45"]

1. Nf3 Nf6 2. e3 g6 3. d4 Bg7 4. Be2 O-O 5. O-O d6 6. c4 Nbd7 7. Nc3 e5 8. b3 Re8 9. Bb2 e4 10. Nd2 Nf8 11. Qc2 Bf5 12. h3 h5 13. Nd5 N8h7 14. Nxf6+ Qxf6 15. Rab1 Qh4 16. d5 Ng5 17. Bxg7 Kxg7 18. Qc3+ f6 19. f4 Nxh3+ 20. gxh3 Qg3+ 21. Kh1 Qxh3+ 22. Kg1 Qg3+ 23. Kh1 Bh3 24. Rg1 Qh4 25. Rg2 g5 26. Rxg5+ Kf7 27. Rxh5 Bg2+ 28. Kxg2 Rg8+ 29. Kf1 Qg3 30. Qxf6+ Ke8 31. Qe6+ Kd8 32. Rg5 1-0


[Site "https://www.chess.com"]

[Event "Titled Tuesday Blitz January 10 Late 2023"]
[White "Yurovskykh, Oleksandr"]
[Black "Bozorov, Makhsum"]
[WhiteFideId "14134020"]
[BlackFideId "14201330"]
[WhiteElo "2328"]
[BlackElo "2145"]
[Result "1-0"]
[Round "08"]
[TimeControl "180+2"]
[Date "2023.01.10"]
[WhiteClock "0:01:34"]
[BlackClock "0:00:16"]

1. d4 Nf6 2. Nf3 g6 3. Bg5 Bg7 4. Nbd2 O-O 5. c3 d6 6. e4 c5 7. d5 a6 8. a4 h6 9. Bh4 e6 10. dxe6 Bxe6 11. Bc4 Bxc4 12. Bxf6 Qxf6 13. Nxc4 Qe6 14. Qd5 Qxd5 15. exd5 Re8+ 16. Kd1 Bf8 17. Nb6 Ra7 18. Re1 Rd8 19. a5 Nd7 20. Nxd7 Rxd7 21. Re8 Kg7 22. Nd2 Be7 23. Nc4 Bd8 24. Ra3 f5 25. Rb3 Kf7 26. Re6 Be7 27. Rb6 Ra8 28. Nxd6+ Bxd6 29. Rexd6 Re7 30. Rxg6 Rd8 31. Rbf6+ Ke8 32. Rg8+ Kd7 33. Rxd8+ Kxd8 34. Rxh6 Re5 35. c4 Re4 36. b3 Rf4 37. f3 Rd4+ 38. Ke2 1-0


[Site "https://www.chess.com"]

[Event "Titled Tuesday Blitz January 10 Late 2023"]
[White "Rangel, Daniel"]
[Black "Boder, Jan"]
[WhiteFideId "2124475"]
[BlackFideId "16243226"]
[WhiteElo "2207"]
[BlackElo "2294"]
[Result "0-1"]
[Round "08"]
[TimeControl "180+2"]
[Date "2023.01.10"]
[WhiteClock "0:00:05"]
[BlackClock "0:00:11"]

1. c4 e5 2. g3 Nf6 3. Bg2 d5 4. cxd5 Nxd5 5. Nf3 Nc6 6. O-O Nb6 7. b3 Be7 8. Bb2 Bf6 9. Nc3 O-O 10. d3 Nd4 11. e3 Nxf3+ 12. Bxf3 c6 13. Qe2 Bh3 14. Rfd1 Nd5 15. Rac1 Nxc3 16. Bxc3 Qc7 17. b4 Rfd8 18. a4 Rac8 19. b5 c5 20. a5 b6 21. axb6 axb6 22. Ra1 h6 23. Be4 g6 24. Ra6 Kg7 25. Rda1 c4 26. Ra7 cxd3 27. Qa2 Be6 28. Rxc7 Bxa2 29. Rxc8 Rxc8 30. Rxa2 Rxc3 31. Rd2 Be7 32. Bxd3 f5 33. Bf1 Bc5 34. Rd7+ Kf6 35. Rc7 e4 36. Rc6+ Kg7 37. h4 Rc1 38. Kg2 Rc2 39. h5 gxh5 40. Kg1 Rd2 41. Bh3 Rd5 42. Kg2 Kh7 43. Rf6 Kg7 44. Rxf5 Rd2 45. Rxh5 Bxe3 46. Rf5 Bc5 47. Kf1 Rb2 48. Rf4 e3 49. fxe3 Rxb5 50. e4 Rb3 51. Kg2 Rb2+ 52. Kf3 Rh2 53. Bf5 h5 54. e5 b5 55. Re4 Rf2# 0-1


[Site "https://www.chess.com"]

[Event "Titled Tuesday Blitz January 10 Late 2023"]
[White "Hoffmann, Asa"]
[Black "Martinez, Marcel"]
[WhiteFideId "2001470"]
[BlackFideId "2016249"]
[WhiteElo "2185"]
[BlackElo "2402"]
[Result "1-0"]
[Round "08"]
[TimeControl "180+2"]
[Date "2023.01.10"]
[WhiteClock "0:00:17"]
[BlackClock "0:00:19"]

1. d4 Nf6 2. Bg5 Ne4 3. Bf4 c5 4. f3 Qa5+ 5. c3 Nf6 6. d5 Qb6 7. e4 Qxb2 8. Nd2 Qxc3 9. Bc7 b6 10. Rb1 d6 11. Bb5+ Bd7 12. Qa4 Qd4 13. Qxd4 cxd4 14. a4 Bxb5 15. axb5 Kd7 16. Bxb8 Rxb8 17. Ra1 Rb7 18. Ne2 e6 19. dxe6+ fxe6 20. Nxd4 g6 21. Ra4 Bg7 22. Ke2 Nh5 23. g3 Rc7 24. Rha1 Ra8 25. Kd3 Bxd4 26. Kxd4 e5+ 27. Kd3 Rc5 28. Rxa7+ Rxa7 29. Rxa7+ Ke6 30. Rxh7 Rxb5 31. Nc4 d5 32. Ne3 d4 33. Nd5 Rb2 34. g4 Nf6 35. Nxf6 Kxf6 36. h4 Rb3+ 37. Ke2 b5 38. h5 gxh5 39. Rxh5 Rb2+ 40. Kf1 b4 41. Rf5+ Ke6 42. Rh5 b3 43. Rh6+ Kd7 44. Rb6 Kc7 45. Rb4 Kc6 46. g5 Kc5 47. Rb8 Kc4 48. g6 Rb1+ 49. Kf2 Ra1 50. g7 Ra2+ 51. Kg3 Ra1 52. g8=Q+ Kd3 53. Qxb3+ Ke2 54. Qc2+ Ke3 55. Rb3+ d3 56. Qxd3# 1-0


[Site "https://www.chess.com"]

[Event "Titled Tuesday Blitz January 10 Late 2023"]
[White "Curtis, John"]
[Black "Winterberg, Lukas"]
[WhiteFideId "3200256"]
[BlackFideId "24622702"]
[WhiteElo "2292"]
[BlackElo "2402"]
[Result "0-1"]
[Round "08"]
[TimeControl "180+2"]
[Date "2023.01.10"]
[WhiteClock "0:00:35"]
[BlackClock "0:00:14"]

1. e4 e6 2. d3 d5 3. Nd2 Nc6 4. Be2 Nf6 5. Ngf3 e5 6. O-O Bd6 7. b3 O-O 8. Bb2 Re8 9. h3 d4 10. c3 dxc3 11. Bxc3 a5 12. Rc1 b6 13. Bb2 Nb8 14. d4 Nbd7 15. dxe5 Nxe5 16. Nxe5 Bxe5 17. Bxe5 Rxe5 18. Nf3 Qxd1 19. Rfxd1 Rxe4 20. Rd8+ Re8 21. Rxe8+ Nxe8 22. Bb5 Nd6 23. Bc6 Rb8 24. Nd4 g6 25. a3 Kg7 26. b4 axb4 27. axb4 Bf5 28. Ra1 Be4 29. Ra7 Bxc6 30. Nxc6 Nb5 31. Ra2 Re8 32. Rc2 Re1+ 33. Kh2 h5 34. h4 Rb1 35. g3 Rb3 36. Kg2 Rc3 37. Rxc3 Nxc3 38. Kf3 Kf6 39. Ke3 Ke6 40. Kd4 Nb5+ 41. Ke4 Nd6+ 42. Kf4 Kd5 43. Nd8 Kc4 44. Kg5 Kxb4 45. Kf6 c5 46. Ke7 Ne4 47. Kxf7 c4 48. Nc6+ Kc5 49. Ne5 c3 50. Nd3+ Kd4 51. Nc1 b5 52. Kxg6 b4 53. g4 hxg4 54. Kf5 Nxf2 55. h5 g3 56. Ne2+ Kd3 57. Nxg3 c2 58. h6 c1=Q 59. h7 Qc8+ 60. Kg6 b3 61. Nh5 Ne4 62. Nf4+ Kd2 63. Nd5 b2 64. Ne7 Qe6+ 65. Kh5 Nf6+ 66. Kh4 Nxh7 67. Ng6 Qxg6 68. Kh3 Qg5 69. Kh2 Qg4 0-1


[Site "https://www.chess.com"]

[Event "Titled Tuesday Blitz January 10 Late 2023"]
[White "Kosakowski, Jakub"]
[Black "Stavri, Gligor"]
[WhiteFideId "1185080"]
[BlackFideId "4706013"]
[WhiteElo "2485"]
[BlackElo "1867"]
[Result "1-0"]
[Round "08"]
[TimeControl "180+2"]
[Date "2023.01.10"]
[WhiteClock "0:00:52"]
[BlackClock "0:00:02"]

1. e4 c5 2. Nf3 e6 3. d4 cxd4 4. Nxd4 Nc6 5. Nc3 Qc7 6. Be3 a6 7. Qf3 Ne5 8. Qg3 h5 9. Nf5 g6 10. Bd4 d6 11. f4 gxf5 12. fxe5 h4 13. Qf2 dxe5 14. Bb6 Qc6 15. O-O-O Be7 16. exf5 Nf6 17. Kb1 exf5 18. Bd3 e4 19. Be2 Be6 20. Rhf1 Rc8 21. Qd4 Rg8 22. Qf2 Ng4 23. Bxg4 Rxg4 24. Be3 Bf6 25. Bd4 Bxd4 26. Qxd4 Rg8 27. g4 Rxg4 28. Qh8+ Ke7 29. Qe5 Kf8 30. Rd6 Qc4 31. Rfd1 b5 32. a3 b4 33. Rd8+ Rxd8 34. Rxd8+ Ke7 35. Nd5+ Kxd8 36. Qd6+ Kc8 37. Nb6+ Kb7 38. Nxc4 Rg1+ 39. Ka2 Bxc4+ 40. b3 Be6 41. Qxb4+ Ka8 42. Qb6 Rg2 43. Qxa6+ Kb8 44. Kb2 f4 45. Qd6+ Kc8 46. Qxf4 1-0


[Site "https://www.chess.com"]

[Event "Titled Tuesday Blitz January 10 Late 2023"]
[White "Pakleza, Zbigniew"]
[Black "Sivakumar, Shaaketh"]
[WhiteFideId "1119290"]
[BlackFideId "30940176"]
[WhiteElo "2494"]
[BlackElo "2337"]
[Result "0-1"]
[Round "08"]
[TimeControl "180+2"]
[Date "2023.01.10"]
[WhiteClock "0:00:02"]
[BlackClock "0:00:47"]

1. a3 e6 2. h3 d5 3. g3 c5 4. d3 Nc6 5. e3 f5 6. c3 Nf6 7. b3 e5 8. f3 Nh5 9. Ne2 Qg5 10. h4 Qg6 11. Rg1 Bd6 12. Nd2 f4 13. e4 fxg3 14. exd5 Ne7 15. Ne4 Nf5 16. Kd2 Nxh4 17. Bg2 Nf4 18. Nxf4 exf4 19. Kc2 h5 20. Qe2 O-O 21. Rh1 Nxg2 22. Qxg2 Be7 23. Bd2 Bf5 24. Rae1 h4 25. Bxf4 Bxe4 26. Rxe4 Rf7 27. d6 Bf6 28. Be5 Bxe5 29. Rxe5 Raf8 30. Re3 Qh6 31. Rhe1 Qxd6 32. Qh3 Qh6 33. Qg4 Rf4 34. Qh3 Rxf3 35. Rxf3 Rxf3 36. Re8+ Kh7 37. b4 Rf2+ 38. Kb3 Qh5 39. Qc8 Qd5+ 40. Ka4 Qc6+ 41. Qxc6 bxc6 42. Re4 g5 43. Rg4 Kg6 44. bxc5 Rf4+ 45. Rxf4 gxf4 46. d4 g2 0-1


[Site "https://www.chess.com"]

[Event "Titled Tuesday Blitz January 10 Late 2023"]
[White "Taboas Rodriguez, Daniel"]
[Black "Arenas, David"]
[WhiteFideId "2208466"]
[BlackFideId "4403177"]
[WhiteElo "2371"]
[BlackElo "2426"]
[Result "0-1"]
[Round "08"]
[TimeControl "180+2"]
[Date "2023.01.10"]
[WhiteClock "0:00:18"]
[BlackClock "0:00:25"]

1. d4 Nf6 2. Nf3 e6 3. c4 Bb4+ 4. Nbd2 O-O 5. a3 Be7 6. e4 d6 7. Bd3 Nbd7 8. O-O c5 9. d5 e5 10. b4 b6 11. Bc2 Ne8 12. Ba4 g6 13. Bc6 Rb8 14. Rb1 Ng7 15. Qa4 a6 16. bxc5 bxc5 17. Bb2 Nb6 18. Qa5 f5 19. Bc3 fxe4 20. Nxe4 Bf5 21. Nfd2 Nxc4 22. Rxb8 Qxb8 23. Qxa6 Nxd2 24. Nxd2 Nh5 25. a4 Nf4 26. g3 Bd3 27. Qb7 Qxb7 28. Bxb7 Ne2+ 29. Kg2 Nxc3 30. Ra1 Rb8 31. Bc6 Ba6 32. a5 Ne2 33. Ne4 Nd4 34. Rd1 Be2 35. Re1 Bf3+ 36. Kh3 Bxe4 37. Rxe4 Nxc6 38. dxc6 Bd8 39. a6 Ra8 40. Ra4 Kf7 41. a7 Ke6 42. Ra6 Bc7 43. Kg4 c4 44. Kf3 d5 45. Ke2 Kd6 46. f4 exf4 47. gxf4 d4 48. Kf3 Kc5 49. Ke4 d3 50. Ke3 Re8+ 51. Kd2 Bxf4+ 52. Kd1 Ra8 53. h4 c3 54. Ra5+ Kxc6 0-1


[Site "https://www.chess.com"]

[Event "Titled Tuesday Blitz January 10 Late 2023"]
[White "Becerra, Juan David"]
[Black "Melikyan, Gnel"]
[WhiteFideId "4404998"]
[BlackFideId "54109990"]
[WhiteElo "2382"]
[BlackElo "2238"]
[Result "1-0"]
[Round "08"]
[TimeControl "180+2"]
[Date "2023.01.10"]
[WhiteClock "0:01:30"]
[BlackClock "0:01:18"]

1. e4 a6 2. d4 b5 3. Bd3 Bb7 4. Ne2 Nf6 5. Nd2 e6 6. O-O c5 7. c3 Nc6 8. a3 Qc7 9. Nf3 h6 10. Bf4 Qb6 11. Bc2 d5 12. e5 Nd7 13. h4 Be7 14. h5 cxd4 15. Nexd4 Nxd4 16. Nxd4 Rc8 17. Qg4 O-O 18. Bxh6 g6 19. hxg6 f5 20. Qh5 Rc7 21. Bg7 1-0


[Site "https://www.chess.com"]

[Event "Titled Tuesday Blitz January 10 Late 2023"]
[White "Golubev, Mikhail"]
[Black "Sivakumar, Shaashwath"]
[WhiteFideId "14100983"]
[BlackFideId "30912156"]
[WhiteElo "2461"]
[BlackElo "2198"]
[Result "1-0"]
[Round "08"]
[TimeControl "180+2"]
[Date "2023.01.10"]
[WhiteClock "0:00:05"]
[BlackClock "0:00:09"]

1. e4 c5 2. Nf3 d6 3. d4 cxd4 4. Nxd4 Nf6 5. Nc3 a6 6. Bc4 e6 7. O-O b5 8. Bb3 Be7 9. Qf3 Qb6 10. Be3 Qb7 11. Qg3 O-O 12. Bh6 Ne8 13. Rad1 Bd7 14. f4 Kh8 15. Bg5 Bxg5 16. fxg5 Kg8 17. Qh4 Nc6 18. Nxc6 Bxc6 19. Rd3 b4 20. g6 h6 21. Rxf7 Rxf7 22. Bxe6 bxc3 23. gxf7+ Kf8 24. fxe8=Q+ Kxe8 25. Rxc3 Qb6+ 26. Qf2 Qxf2+ 27. Kxf2 Bxe4 28. Re3 Bc6 29. Bf5+ Kd8 30. Re6 Kc7 31. Re7+ Kb6 32. Rxg7 Rf8 33. g4 Be4 34. Ke3 Bxf5 35. gxf5 Rxf5 36. Rg6 Rh5 37. Rxd6+ Kc5 38. Rd2 Rh3+ 39. Kf4 Rh4+ 40. Kg3 Rh5 41. h4 Rf5 42. Kg4 Rf8 43. Kh5 Rg8 44. Kxh6 Re8 45. Kg6 Re6+ 46. Kf7 Rb6 47. Kg7 Rxb2 48. Kf7 Kc4 49. h5 Kc3 50. Rd3+ Kxc2 51. Rh3 Rxa2 52. h6 Rb2 53. Rh2+ Kc3 54. Rxb2 Kxb2 55. h7 a5 56. h8=Q+ Ka2 57. Qc3 a4 58. Qb4 a3 59. Ke6 Ka1 60. Qxa3+ Kb1 61. Qe3 Kc2 62. Kd5 Kb2 63. Kc4 Kc2 64. Qf2+ Kb1 65. Kc3 Ka1 66. Qb2# 1-0


[Site "https://www.chess.com"]

[Event "Titled Tuesday Blitz January 10 Late 2023"]
[White "Perez Rodriguez, Jennifer"]
[Black "Fisher_TheGalactic"]
[WhiteFideId "3507831"]
[WhiteElo "2242"]
[BlackElo "2556"]
[Result "0-1"]
[Round "08"]
[TimeControl "180+2"]
[Date "2023.01.10"]
[WhiteClock "0:00:03"]
[BlackClock "0:00:27"]

1. e4 b6 2. d4 Bb7 3. Bd3 e6 4. f3 d5 5. Ne2 dxe4 6. fxe4 Nf6 7. Nbc3 Bb4 8. Ng3 O-O 9. Be3 c5 10. dxc5 bxc5 11. O-O Nc6 12. Nce2 Ne5 13. a3 Ba5 14. Bxc5 Bb6 15. Bxb6 Qxb6+ 16. Kh1 Rad8 17. Nf4 Nxe4 18. Nxe4 Bxe4 19. b4 Nxd3 20. Nxd3 Qd4 21. Nc5 Qc4 22. Qe1 Bg6 23. Rc1 Rd5 24. Qe3 Rh5 25. h3 Qd5 26. Rcd1 Qc4 27. Rd2 Bf5 28. Rf4 Qa2 29. Kh2 Rh6 30. g4 Bg6 31. Rfd4 f5 32. Nxe6 fxg4 33. Rxg4 Re8 34. Rgd4 Qxe6 35. Qxe6+ Rxe6 36. Rd8+ Kf7 37. R8d7+ Re7 38. Rxa7 Rxa7 0-1


[Site "https://www.chess.com"]

[Event "Titled Tuesday Blitz January 10 Late 2023"]
[White "Fiorito, Francisco"]
[Black "Melikhov, Evgeny V."]
[WhiteFideId "180165"]
[BlackFideId "4122046"]
[WhiteElo "2305"]
[BlackElo "2269"]
[Result "1-0"]
[Round "08"]
[TimeControl "180+2"]
[Date "2023.01.10"]
[WhiteClock "0:01:11"]
[BlackClock "0:00:39"]

1. e4 e5 2. Nf3 Nc6 3. Bb5 a6 4. Ba4 Nf6 5. O-O Nxe4 6. Re1 Nc5 7. Bxc6 dxc6 8. Nxe5 Be7 9. d4 Ne6 10. c3 O-O 11. Nd2 c5 12. dxc5 Nxc5 13. Ndf3 Qxd1 14. Rxd1 f6 15. Nd3 Nxd3 16. Rxd3 Bf5 17. Rd1 Rad8 18. Bf4 Bd6 19. Bxd6 Rxd6 20. Rxd6 cxd6 21. Re1 Kf7 22. Nd4 Bd7 23. f3 Re8 24. Rxe8 Kxe8 25. Kf2 Ke7 26. Ke3 Bc8 27. h4 h6 28. Ke4 g5 29. h5 Bd7 30. Nf5+ Ke6 31. Nxh6 f5+ 32. Ke3 f4+ 33. Kf2 Kf6 34. g4 fxg3+ 35. Kxg3 Be6 36. Kf2 Bxa2 37. Ke3 Be6 38. Ng4+ Kf5 39. Nf2 Bf7 40. Ne4 Ke5 41. h6 Bg6 42. Nxg5 Kf6 43. f4 Bf5 44. Kd4 Kg6 45. h7 Kg7 46. Kd5 1-0


[Site "https://www.chess.com"]

[Event "Titled Tuesday Blitz January 10 Late 2023"]
[White "Dedona, Mark"]
[Black "Tokhirjonova, Gulrukhbegim"]
[WhiteFideId "30920256"]
[BlackFideId "14203626"]
[WhiteElo "1662"]
[BlackElo "2340"]
[Result "1-0"]
[Round "08"]
[TimeControl "180+2"]
[Date "2023.01.10"]
[WhiteClock "0:00:07"]
[BlackClock "0:00:28"]

1. e4 e5 2. Nc3 Nc6 3. Bc4 Nf6 4. d3 Bc5 5. f4 d6 6. Nf3 Bg4 7. fxe5 Nxe5 8. Bg5 h6 9. Bh4 g5 10. Bg3 Nxc4 11. dxc4 Qe7 12. Qd3 O-O-O 13. O-O-O Rhe8 14. Rhe1 a6 15. h3 Bh5 16. Nd5 Nxd5 17. exd5 Qf6 18. Kb1 Bg6 19. Qd2 Be4 20. Rf1 Qg6 21. Ne1 f5 22. Nd3 f4 23. Bf2 Bxg2 24. Nxc5 Bxf1 25. Ne6 Bxh3 26. Nxd8 Kxd8 27. c5 Bg4 28. Rg1 Re2 29. Qd4 Qxc2+ 30. Ka1 Bd7 31. cxd6 cxd6 32. Qf6+ Kc8 33. Bb6 Re8 34. Qxd6 f3 35. Ba7 Qc7 36. Qxc7+ Kxc7 37. Rd1 Kd6 38. Bf2 Bb5 39. Bg3+ Kd7 40. a4 Bxa4 41. Rf1 g4 42. Rh1 Rh8 43. Rc1 Rc8 44. Rh1 Rc5 45. d6 h5 46. Re1 Bb3 47. Re7+ Kc6 48. Rc7+ Kb6 49. Rxc5 h4 50. d7 Kxc5 51. Bxh4 Kc4 52. d8=Q g3 53. Bxg3 f2 54. Bxf2 b5 55. Qd4# 1-0


[Site "https://www.chess.com"]

[Event "Titled Tuesday Blitz January 10 Late 2023"]
[White "Berezin, Viktor"]
[Black "Roman, Rodrigo"]
[WhiteFideId "14107872"]
[BlackFideId "3701220"]
[WhiteElo "2307"]
[BlackElo "2058"]
[Result "1-0"]
[Round "08"]
[TimeControl "180+2"]
[Date "2023.01.10"]
[WhiteClock "0:01:24"]
[BlackClock "0:01:16"]

1. d4 e6 2. Nf3 Nf6 3. c4 Bb4+ 4. Nbd2 O-O 5. g3 Qe7 6. Bg2 d6 7. O-O e5 8. Nb3 c6 9. a3 exd4 10. axb4 c5 11. bxc5 dxc5 12. e3 Be6 13. exd4 cxd4 14. Nfxd4 Bxc4 15. Re1 Qd7 16. Bg5 Nd5 17. Nc5 Qc7 18. Ncb3 Nb4 19. Rc1 Nd7 20. Be7 1-0


[Site "https://www.chess.com"]

[Event "Titled Tuesday Blitz January 10 Late 2023"]
[White "Skaric, Djuro"]
[Black "Gurevich, Dmitry"]
[WhiteFideId "934569"]
[BlackFideId "2000407"]
[WhiteElo "2334"]
[BlackElo "2393"]
[Result "0-1"]
[Round "08"]
[TimeControl "180+2"]
[Date "2023.01.10"]
[WhiteClock "0:00:58"]
[BlackClock "0:00:18"]

1. g3 d5 2. Bg2 Nf6 3. d3 c6 4. Nf3 Bf5 5. O-O h6 6. h3 e6 7. Nc3 Bh7 8. Nd4 Bc5 9. Nb3 Bb6 10. Kh2 O-O 11. e4 dxe4 12. dxe4 Qxd1 13. Rxd1 Bxf2 14. Bf4 Bb6 15. Na4 Nbd7 16. e5 Nd5 17. c4 Nxf4 18. gxf4 Rfd8 19. c5 Bc7 20. Rd2 Nf8 21. Rd6 Ng6 22. Kg3 Ne7 23. Rad1 Nd5 24. Nd4 Bxd6 25. cxd6 Rac8 26. Bxd5 cxd5 27. Nc3 Rc4 28. Rd2 a6 29. Kf2 b5 30. a3 Kf8 31. Ke3 Ke8 32. Nce2 Kd7 33. b3 Rc5 34. h4 f6 35. Kf3 fxe5 36. fxe5 Rf8+ 37. Ke3 Bf5 38. a4 Bg4 39. axb5 Bxe2 40. Nxe2 axb5 41. Nd4 Rc3+ 42. Ke2 Rh3 43. Kd1 Rh1+ 44. Kc2 Rf4 45. Nxb5 Rfxh4 46. Kb2 R1h2 47. Rxh2 Rxh2+ 48. Kc3 Re2 49. Kb4 Rxe5 50. Kc5 Re3 51. b4 h5 52. Nd4 Re4 53. Nc6 Rc4+ 54. Kb5 Rxc6 0-1


[Site "https://www.chess.com"]

[Event "Titled Tuesday Blitz January 10 Late 2023"]
[White "Fernandez Garcia, Gumersindo"]
[Black "rikchessmx"]
[WhiteFideId "24516740"]
[WhiteElo "2160"]
[BlackElo "2330"]
[Result "1-0"]
[Round "08"]
[TimeControl "180+2"]
[Date "2023.01.10"]
[WhiteClock "0:00:17"]
[BlackClock "0:00:24"]

1. Nf3 Nf6 2. Nc3 e6 3. e4 c5 4. d4 cxd4 5. Nxd4 a6 6. Be2 Qc7 7. O-O h5 8. f4 Bc5 9. Be3 Nc6 10. Nf5 Bxe3+ 11. Nxe3 Qb6 12. Qd2 d5 13. exd5 exd5 14. Kh1 d4 15. Ncd5 dxe3 16. Nxb6 exd2 17. Nxa8 Nd4 18. Bd3 Bf5 19. Rad1 Bxd3 20. cxd3 O-O 21. Nb6 Nf5 22. Rxd2 Re8 23. Nc4 Nd5 24. g3 b5 25. Ne5 f6 26. Nf3 Rc8 27. Re1 Kf7 28. Kg2 Nde3+ 29. Kf2 Ng4+ 30. Kg1 a5 31. h3 Nge3 32. Kf2 Nd5 33. g4 hxg4 34. hxg4 Nh6 35. Kg3 a4 36. a3 g6 37. Nd4 b4 38. axb4 Nxb4 39. Nb5 Rd8 40. d4 f5 41. g5 Ng4 42. Rde2 Nd5 43. Re6 Rb8 44. Nd6+ Kg7 45. Ne8+ Kf8 46. Nd6 Rb3+ 47. Kh4 Rxb2 48. Rxg6 Rh2+ 49. Kg3 Ne7 50. Rge6 Nd5 51. Re8+ Kg7 52. Nxf5+ Kg6 53. Kxg4 a3 54. R1e6+ Kf7 55. g6# 1-0


[Site "https://www.chess.com"]

[Event "Titled Tuesday Blitz January 10 Late 2023"]
[White "Silva, Caio Henrique Angelico"]
[Black "Kozin, Yuri"]
[WhiteFideId "22777210"]
[BlackFideId "4129920"]
[WhiteElo "2129"]
[BlackElo "2251"]
[Result "1-0"]
[Round "08"]
[TimeControl "180+2"]
[Date "2023.01.10"]
[WhiteClock "0:00:49"]
[BlackClock "0:00:11"]

1. Nf3 c5 2. g3 Nf6 3. Bg2 e6 4. O-O Be7 5. d4 cxd4 6. Nxd4 O-O 7. c4 d6 8. Nc3 a6 9. b3 Qc7 10. Bb2 Nbd7 11. Rc1 Ne5 12. e4 Bd7 13. Qe2 Rac8 14. h3 Qb8 15. Rfd1 Rfd8 16. f4 Nc6 17. Nf3 Be8 18. Kh2 Na5 19. e5 Nd7 20. exd6 Bxd6 21. Ne4 Bf8 22. Qc2 h6 23. Neg5 hxg5 24. Nxg5 f5 25. Nxe6 Bg6 26. Qc3 Nf6 27. Nxd8 Rxd8 28. Qxa5 b6 29. Qe5 Qc8 30. Rxd8 Qxd8 31. Qe6+ Kh7 32. Bxf6 gxf6 33. Bd5 Bc5 34. Re1 a5 35. h4 Qf8 36. Kg2 Qd8 37. h5 Bxh5 38. Rh1 Kg6 39. Qf7+ 1-0


[Site "https://www.chess.com"]

[Event "Titled Tuesday Blitz January 10 Late 2023"]
[White "Jovic, Stanoje"]
[Black "Aspire_ie"]
[WhiteFideId "905020"]
[WhiteElo "2075"]
[BlackElo "2352"]
[Result "0-1"]
[Round "08"]
[TimeControl "180+2"]
[Date "2023.01.10"]
[WhiteClock "0:00:04"]
[BlackClock "0:00:02"]

1. c4 d6 2. g3 e5 3. Bg2 f5 4. Nc3 Nf6 5. d3 Be7 6. Nf3 O-O 7. O-O c6 8. Rb1 a5 9. a3 Kh8 10. b4 axb4 11. axb4 Nbd7 12. e4 fxe4 13. dxe4 Nb6 14. Qd3 Be6 15. Nd2 Qe8 16. Nd1 Qh5 17. f3 Qf7 18. Ne3 Ra2 19. Rb2 Rfa8 20. Rxa2 Rxa2 21. Qb3 Ra8 22. Bb2 Nxc4 23. Ndxc4 b5 24. Nxe5 Bxb3 25. Nxf7+ Bxf7 26. Ra1 Ra4 27. Rxa4 bxa4 28. Bf1 d5 29. exd5 Nxd5 30. Nxd5 Bxd5 31. Bc3 Bxf3 32. Kf2 Bd5 33. Ke3 a3 34. Kd2 a2 35. Kc1 Bxb4 36. Be5 Ba3+ 37. Kc2 Kg8 38. Bd3 g6 39. h4 Kf7 40. g4 Ke6 41. Bg7 Be7 42. h5 Bf6 43. Bxf6 Kxf6 44. Kb2 gxh5 45. gxh5 h6 46. Bg6 c5 47. Ka1 Bf7 48. Bc2 Kg5 49. Bd1 Bxh5 50. Bb3 Bf3 51. Bxa2 h5 52. Kb2 h4 53. Be6 Kf4 54. Kc3 Bg4 55. Bd5 Kg3 56. Kc4 h3 57. Kxc5 Bf3 0-1


[Site "https://www.chess.com"]

[Event "Titled Tuesday Blitz January 10 Late 2023"]
[White "Rosenberg, Evan S"]
[Black "Khandelwal, Ankush"]
[WhiteFideId "2019299"]
[BlackFideId "413470"]
[WhiteElo "1956"]
[BlackElo "2205"]
[Result "0-1"]
[Round "08"]
[TimeControl "180+2"]
[Date "2023.01.10"]
[WhiteClock "0:00:02"]
[BlackClock "0:00:10"]

1. d4 Nf6 2. Nf3 g6 3. Nc3 d5 4. Bf4 Bg7 5. Nb5 Na6 6. e3 O-O 7. h3 c6 8. Nc3 Nc7 9. Bd3 b5 10. O-O a5 11. a3 Ne6 12. Bh2 h6 13. Ne5 Qb6 14. b4 Nd7 15. Rb1 axb4 16. axb4 Nxe5 17. Bxe5 Bxe5 18. dxe5 d4 19. Ne4 dxe3 20. fxe3 Qxe3+ 21. Kh2 Qd4 22. Qd2 Qxe5+ 23. Ng3 h5 24. Rbe1 Qd6 25. h4 Ng7 26. Qe3 Be6 27. c3 Rfd8 28. Be4 Ra2 29. Kh1 Bd5 30. Bxd5 Qxd5 31. Rf3 e6 32. Ne4 Ne8 33. Ref1 Rd7 34. Qh6 Qxe4 35. Rg3 Ng7 36. Qg5 Nf5 37. Qf6 Nxg3+ 38. Kg1 Qe3+ 39. Kh2 Nxf1+ 0-1


[Site "https://www.chess.com"]

[Event "Titled Tuesday Blitz January 10 Late 2023"]
[White "Wu, Brandon"]
[Black "Lopez Del Alamo, Antonio"]
[WhiteFideId "30909228"]
[BlackFideId "2227339"]
[WhiteElo "2123"]
[BlackElo "2280"]
[Result "1-0"]
[Round "08"]
[TimeControl "180+2"]
[Date "2023.01.10"]
[WhiteClock "0:01:08"]
[BlackClock "0:00:11"]

1. Nf3 Nf6 2. g3 g6 3. Bg2 Bg7 4. O-O O-O 5. c4 d6 6. d4 c6 7. Nc3 Qa5 8. h3 e5 9. e4 exd4 10. Nxd4 Nbd7 11. Nb3 Qc7 12. Bf4 Ne5 13. Qe2 Re8 14. Rfd1 Be6 15. c5 Bxb3 16. cxd6 Qb6 17. axb3 Rad8 18. Be3 Qxb3 19. Rxa7 Nc4 20. Bc5 Rd7 21. f4 Nxd6 22. Bxd6 Rxd6 23. Rxd6 Qb6+ 24. Qf2 Qc7 25. Rd1 Nd7 26. e5 Bf8 27. Ne4 f5 28. Nd6 Rd8 29. Rxb7 Qa5 30. Bxc6 Nxe5 31. fxe5 Qxe5 32. Bd5+ Kh8 33. Nf7+ Kg7 34. Nxe5+ 1-0


[Site "https://www.chess.com"]